 Dungeon Crawl Stone Soup version 0.19.0-19-g8c6edcc (webtiles) character file.

25 Chiseanne the Vexing (level 3, 0/18 HPs)
             Began as a Vine Stalker Arcane Marksman on Nov 14, 2016.
             Slain by a worm (7 damage)
             ... on level 2 of the Dungeon.
             The game lasted 00:02:20 (2123 turns).

Chiseanne the Vexing (Vine Stalker Arcane Marksman) Turns: 2123, Time: 00:02:21

Health: 0/18       AC:  2    Str: 13    XL:     3   Next: 4%
Magic:  0/5        EV: 12    Int: 13    God:
Gold:   28         SH:  0    Dex: 14    Spells: 1 memorised, 3 levels left

rFire  . . .     SeeInvis .     m - +0 spear
rCold  . . .     Gourm    .     a - +0 robe
rNeg   . . .     Faith    .     (no shield)
rPois  .         Spirit   +     (no helmet)
rElec  .         Reflect  .     (no cloak)
rCorr  .         Harm     .     (no gloves)
MR     .....                    (no boots)
Stlth  +.........               h - amulet of rage
                                (no ring)
                                (no ring)

@: very slightly contaminated
A: fangs 2, magic shield, antimagic bite, no device heal 3, rot immunity
a: Evoke Berserk Rage


You were on level 2 of the Dungeon.
You were hungry.

You visited 1 branch of the dungeon, and saw 2 of its levels.

You collected 28 gold pieces.

Inventory:

Hand Weapons
 m - a +0 spear (weapon)
Missiles
 c - 5 javelins (quivered)
 d - 2 throwing nets
 j - 27 poisoned needles
 k - 18 stones
Armour
 a - a +0 robe (worn)
Jewellery
 h - an amulet of rage (around neck)
Scrolls
 e - a scroll of amnesia
 l - a scroll of enchant armour {unknown}
Potions
 i - a potion of might {unknown}
Books
 b - a book of Debilitation

   Spells                             Type                      Level
   a - Corona                         Hexes                        1
   b - Slow                           Hexes                        2
   c - Gell's Gravitas                Hexes/Translocation          3
   d - Inner Flame                    Hexes/Fire                   3
   e - Cause Fear                     Hexes                        4
   f - Leda's Liquefaction            Hexes/Earth                  4
Comestibles
 f - 3 bread rations
 g - a meat ration


   Skills:
 * Level 1.5 Fighting
 * Level 2.3 Throwing
 * Level 2.0 Dodging
 - Level 1.1 Spellcasting
 - Level 3.0 Hexes


You had 3 spell levels left.
You knew the following spells:

 Your Spells              Type           Power        Failure   Level  Hunger
a - Corona                Hex            #......      10%         1    ##.....


Dungeon Overview and Level Annotations

Branches:
Dungeon (2/15)

Altars:


Innate Abilities, Weirdness & Mutations

You have extremely sharp teeth.
When hurt, damage is shared between your health and your magic reserves.
Your bite disrupts and absorbs the magic of your enemies.
Potions and wands cannot restore your health.
You are immune to rotting.


Message History

You are very lightly contaminated with residual magic.
Nothing appears to happen.
Casting: Corona
Confirm with . or Enter, or press ? or * to list all spells.
Aiming: Corona
Press: ? - help, Shift-Dir - straight line, f/p - worm
Aim: a worm (chance to defeat MR: 51%)
You miscast Corona.
You feel off-balance for a moment.
Casting: Corona
Confirm with . or Enter, or press ? or * to list all spells.
Aiming: Corona
Press: ? - help, Shift-Dir - straight line, f/p - worm
Aim: a worm (chance to defeat MR: 51%)
The worm is outlined in light.
The worm bites you.
You hit the worm but do no damage. The worm bites you!
You hit the worm but do no damage. You bite the worm, but do no damage.
You hit the worm. You bite the worm, but do no damage.
The worm is lightly wounded.
The worm bites you!
You die...

.# ## .# .#
####.#.## ...
(...s..# ..#
#....w# #.# #.#
#.# #.# #.# #w#
..##### #+# #@#
..>...# #.# #.#
....).# #>### #.#
......###.#.## #.#
.............###.#
..............##.#
.......#.......#.#
.................#
...#.#.#.......###


You could see a worm.

Vanquished Creatures
  An ooze (D:2)
  A giant cockroach (D:2)
  4 goblins
  3 hobgoblins (D:1)
  3 kobolds
  A ball python (D:1)
  2 bats
  5 frilled lizards (D:1)
  A rat (D:1)
21 creatures vanquished.

Notes
Turn   | Place    | Note
-------+----------+-------------------------------------------
     0 | D:1      | Chiseanne the Vine Stalker Arcane Marksman began the quest for the Orb.
     0 | D:1      | Reached XP level 1. HP: 9/9 MP: 3/3
   425 | D:1      | Reached skill level 1 in Fighting
   644 | D:1      | Reached XP level 2. HP: 14/14 MP: 4/4
  2007 | D:2      | Reached XP level 3. HP: 11/18 MP: 3/5
  2123 | D:2      | Slain by a worm

Skill      XL: |  1  2 |
---------------+-------+-----
Fighting       | 1 |  1.5
Throwing       | 2 |  2.3
Dodging        | 2 |  2.0
Spellcasting   | |  1.1
Hexes          | |  3.0

Action                   || total
-------------------------++-------
Melee: Unarmed           ||    26
       Bite              ||    19
       Club              ||     9
       Spear             ||    40
 Cast: Corona            ||    25
  Use: Scroll            ||     3
  Eat: Chunk             ||     4
Armor: Robe              ||     9
Dodge: Dodged            ||    50
